 Dungeon Crawl Stone Soup version 0.30-a0-540-g0af01429fa (webtiles) character file.

Game seed: 5131263080121257505

85367 avis the Spry (level 14, -2/181 HPs)
             Began as a Demigod Ice Elementalist on Dec 25, 2022.
             Slain by a guardian serpent (14 damage)
             ... on level 1 of the Snake Pit on Dec 26, 2022.
             The game lasted 04:28:08 (33117 turns).

avis the Spry (Demigod Ice Elementalist)           Turns: 33117, Time: 04:28:09

Health: -2/181     AC: 34    Str:  9    XL:     14   Next: 99%
Magic:  7/22       EV: -1    Int: 14    God:
Gold:   630        SH: 12    Dex: 30    Spells: 12/19 levels left

rFire   + . .      SeeInvis .    a - +2 demon blade (vamp)
rCold   + . .      Faith    .    E - +0 buckler
rNeg    . . .      Spirit   .    (body armour currently unavailable)
rPois   +          Reflect  +    (helmet currently unavailable)
rElec   .          Harm     .    (cloak currently unavailable)
rCorr   +          Rampage  .    (gloves currently unavailable)
Will    +....      NoTele   +    (boots currently unavailable)
Stlth   +++                      k - amulet of reflection
HPRegen 0.50/turn                o - +4 ring of slaying
MPRegen 0.18/turn                S - ring "Kifumno" {rF+ rC+ rCorr EV+4 Int-3}

@: ice-armoured, tree-form, constricted
A: stationary, stasis, torment immunity, boosted hp, high MP 1, forlorn, divine
attributes
a: no special abilities


You were on level 1 of the Snake Pit.
You were a tree.
You visited 5 branches of the dungeon, and saw 21 of its levels.
You also visited: Gauntlet.

You collected 1875 gold pieces.
You spent 1245 gold pieces at shops.

Inventory:

Hand Weapons
 a - a +2 vampiric demon blade (weapon)
 b - a +5 vorpal sling
 c - a +5 scimitar
 h - a +3 trident
 m - a +2 war axe of flaming
 w - a +1 long sword of holy wrath
Missiles
 l - a throwing net
 A - 2 silver boomerangs
 J - 3 boomerangs
Armour
 g - a +0 helmet (melded)
 v - a +1 robe of the Archmagi (melded)
 y - a +1 cloak of willpower (melded)
 E - a +0 buckler (worn)
 H - a +0 pair of boots (melded)
 O - the +0 pair of fencer's gloves (melded) {Riposte Dex+3}
   (You bought it in a shop on level 2 of the Orcish Mines)

   It allows the wearer to riposte with melee weapons, swiftly retaliating
   against missed or blocked melee attacks.
   Dex:       It affects your dexterity (+3).
Jewellery
 i - a ring of see invisible
 k - an amulet of reflection (around neck)
 o - a +4 ring of slaying (left branch)
 S - the ring "Kifumno" (right branch) {rF+ rC+ rCorr EV+4 Int-3}
   (You took it off an orc wizard on level 5 of the Dungeon)

   [ring of evasion]

   EV:        It affects your evasion (+4).
   Int:       It affects your intelligence (-3).
   rF:        It protects you from fire.
   rC:        It protects you from cold.
   rCorr:     It protects you from acid and corrosion.
Wands
 z - a wand of charming (26)
 K - a wand of iceblast (9)
 L - a wand of mindburst (6)
 M - a wand of polymorph (11)
 P - a wand of digging (10)
Scrolls
 j - 8 scrolls of fear
 t - 9 scrolls of teleportation
 x - 4 scrolls of magic mapping
 R - 3 scrolls of blinking
 V - 2 scrolls of summoning
 W - 3 scrolls of fog
Potions
 e - 3 potions of magic
 p - 13 potions of ambrosia
 q - 4 potions of brilliance
 r - 2 potions of lignification
 s - a potion of berserk rage
 C - 3 potions of flight
 G - 5 potions of might
 I - a potion of haste
 U - a potion of curing
Miscellaneous
 d - a lightning rod (4/4)
 f - a phantom mirror
 n - a piece from Xom's chessboard (15/15)
 u - a condenser vane


   Skills:
 - Level 10.0 Fighting
 * Level 4.9 Long Blades
 - Level 14.0 Ranged Weapons
 - Level 16.0 Dodging
 - Level 4.0 Stealth
 - Level 5.0 Shields
 - Level 3.0 Spellcasting
 - Level 6.0 Ice Magic
 - Level 5.0 Evocations


You had 12 spell levels left.
You knew the following spells:

 Your Spells              Type           Power      Damage    Failure   Level
a - Freeze                Ice            72%        1d8       2%          1
o - Ozocubu's Armour      Ice            18%        N/A       7%          3
r - Frozen Ramparts       Ice            36%        1d6       7%          3

Your spell library contained the following spells:

 Spells                   Type           Power      Damage    Failure   Level
 Hailstorm                Conj/Ice       10%        3d5       24%         3
 Apportation              Tloc           4%         N/A       26%         1
 Necrotise                Necr           8%         1d4       26%         1
 Summon Small Mammal      Summ           8%         N/A       26%         1
 Summon Ice Beast         Ice/Summ       10%        N/A       61%         4
 Tukima's Dance           Hex            2%         N/A       63%         3
 Metabolic Englaciation   Hex/Ice        5%         N/A       91%         5
 Animate Armour           Summ/Erth      4%         N/A       95%         4
 Passage of Golubria      Tloc           2%         N/A       95%         4
 Petrify                  Tmut/Erth      2%         N/A       95%         4
 Blade Hands              Tmut           1%         N/A       100%        5
 Irradiate                Conj/Tmut      1%         3d12      100%        5
 Iskenderun's Battlesphe  Conj           2%         2d6       100%        5
 Yara's Violent Unravell  Hex/Tmut       1%         3d3       100%        5
 Iron Shot                Conj/Erth      1%         9d1       100%        6
 Statue Form              Tmut/Erth      1%         N/A       100%        6
 Dragon Form              Tmut           1%         N/A       100%        7
 Spellforged Servitor     Conj/Summ      1%         N/A       100%        7


Dungeon Overview and Level Annotations

Branches:
Dungeon (12/15)            Temple (1/1) D:4            Lair (5/5) D:8
 Shoals (0/4) Lair:3        Snake (1/4) Lair:3        Slime (0/5) Lair:4
    Orc (2/2) D:12            Elf (0/3) Orc:2       Gauntlet (visited)

Shops:
D:2 ?   D:6 *   Orc:2 [(?(

Annotations:
D:3 3 runed translucent doors, Gibbon's ghost, amateur DrCj
D:4 3 runed translucent doors, lotum's ghost, amateur OpTm; ragingrage's ghost, amateur DgWn; ytrimaz's ghost, novice DjFE
Lair:5 1 runed translucent door + deep water, logorrheac's ghost, journeyman GrEE
Snake:1 1 transporter, BadToken's ghost, journeyman MiBe


Innate Abilities, Weirdness & Mutations

You are a tree.
Your roots penetrate the ground, keeping you stationary.
You cannot be teleported.
You are immune to unholy pain and torment.
Your maximum health is greatly increased.
Your equipment is partially melded.
You have an increased reservoir of magic. (+10% MP)
You shall have no god before yourself.
Your divine heritage dramatically boosts your attributes as you level up.


Message History

You riposte.
You hit the naga ritualist but do no damage.
The naga ritualist is lightly wounded.
You block the naga ritualist's attack.
You riposte.
You barely miss the naga ritualist.
The naga ritualist is lightly wounded.
The mana viper completely misses you.
You riposte.
You slash the mana viper!
The mana viper is almost dead.
The guardian serpent casts a spell at you.
The bolt of poison hits you!
You are more poisoned.
* * * LOW HITPOINT WARNING * * *
Really quaff the potion of lignification?
You turn into a tree.
Your +1 cloak of willpower melds into your body.
Your +0 helmet melds into your body.
The +0 pair of fencer's gloves {Riposte Dex+3} melds into your body.
Your +0 pair of boots melds into your body.
Your +1 robe of the Archmagi melds into your body.
You feel less strong-willed.
You feel strangely numb.
Your roots penetrate the ground.
You feel very sick.
The black mamba bites you but does no damage.
You block the naga ritualist's attack. The naga ritualist grabs you.
The naga ritualist constricts you.
The guardian serpent hits you but does no damage.
The mana viper bites you.
* * * LOW HITPOINT WARNING * * *
You feel your power leaking away. You block the black mamba's attack.
You feel better.
You block the guardian serpent's attack.
The mana viper completely misses you.
The naga warrior hits you from afar with a +0 trident!!
* * * LOW HITPOINT WARNING * * *
The naga ritualist hits you but does no damage.
The naga ritualist constricts you.
* * * LOW HITPOINT WARNING * * *
You block the black mamba's attack. The guardian serpent hits you!
You die...

##...# ##..## ....
#.###...## ##..# ....
#........#####†...
.....
#.........#.......
..... #................
......
#................
#...N###...............
#.NNSS................
#.SS♣...©..........##
#..N#########.....##
......##8NSW)!8##...##
#.....#NNSSS...©#...#
####.?#.##NN.##.#...#
....#.##...##.#..##
.....#....©....#..#
..#..#.##...##.#..#


You could see 3 naga warriors, a naga sharpshooter, 2 salamanders, an anaconda,
2 naga ritualists, 2 mana vipers, a guardian serpent, 4 black mambas, a naga
mage and BadToken's ghost.

Vanquished Creatures
  Jorgrun (D:12)
  Nessos (Lair:4)
  A dire elephant (Lair:5)
  An ettin (Orc:2)
  Fannar (D:12)
  Josephine (D:10)
  A hydra (Lair:3)
  2 catoblepae (Lair:5)
  Erica (D:9)
  3 dancing weapons (D:12)
  6 two-headed ogres
  A boulder beetle (Lair:5)
  8 death yaks
  A deep troll shaman (Lair:5)
  An orc high priest (Orc:2)
  Sonja (D:12)
  11 orc knights
  An ugly thing (D:12)
  An orc sorcerer (Orc:2)
  A salamander (Snake:1)
  6 cyclopes
  15 elephants
  11 black mambas
  Joseph (D:8)
  A smoke demon (Gauntlet)
  2 torpor snails (Lair:3)
  9 cane toads
  9 komodo dragons
  A hellion (Gauntlet)
  4 rime drakes
  Psyche (D:9)
  12 trolls
  A queen bee (Lair:2)
  5 polar bears
  Grinder (D:3)
  3 slime creatures (D:11)
  4 saltlings (Orc:2)
  11 blink frogs
  14 dream sheep
  2 shadows
  A vampire (D:12)
  4 wyverns
  6 wraiths
  Grum (D:9)
  5 basilisks
  79 yaks
  8 vampire mosquitoes
  2 steam dragons
  6 wargs
  3 nagas
  2 acid dragons
  4 swamp worms (D:10)
  2 hell hounds (Gauntlet)
  29 water moccasins
  19 orc warriors
  5 black bears
  2 sky beasts (D:6)
  An ice beast (D:6)
  5 ogres
  16 wolves
  12 centaurs
  2 phantoms
  2 kobold brigands
  5 bullfrogs
  A gnoll sergeant (D:11)
  3 necrophages
  4 scorpions (D:5)
  15 wights
  46 killer bees
  2 electric eels
  9 howler monkeys
  5 hounds
  3 gnoll boudas
  7 orc priests
  3 jellies (D:6)
  5 iguanas (D:5)
  27 orc wizards
  Natasha (thrice) (D:4)
  2 hell rats (Lair:1)
  Robin (D:4)
  6 adders
  17 gnolls
  7 river rats (Lair:1)
  2 shadow imps
  A white imp (D:7)
  An ufetubus (D:5)
  A worm (D:4)
  2 dart slugs
  56 orcs
  3 bats
  10 endoplasms
  3 giant cockroaches
  10 goblins
  6 hobgoblins
  9 jackals
  6 quokkas
  7 ball pythons
  19 kobolds
  5 rats
  24 pillars of salt (Orc:2)
710 creatures vanquished.

Vanquished Creatures (collateral kills)
  A minotaur (Gauntlet)
1 creature vanquished.

Vanquished Creatures (others)
  A kobold brigand (D:7)
  A bullfrog (Lair:3)
  An orc wizard (D:7)
  An orc (D:9)
  44 fungi
  108 plants
  3 withered plants (D:4)
159 creatures vanquished.

Grand Total: 870 creatures vanquished

Notes
Turn   | Place    | Note
-------+----------+-------------------------------------------
     0 | D:1      | avis the Demigod Ice Elementalist began the quest for the
                  | Orb.
     0 | D:1      | Reached XP level 1. HP: 14/14 MP: 5/5
   419 | D:1      | Reached XP level 2. HP: 20/20 MP: 5/7
  1152 | D:2      | Found Otiecezy's Magic Scroll Shoppe.
  1824 | D:2      | Bought a scroll of vulnerability for 44 gold pieces
  1824 | D:2      | Bought a scroll of identify for 22 gold pieces
  1907 | D:2      | Reached skill level 1 in Fighting
  1907 | D:2      | Reached XP level 3. HP: 25/28 MP: 4/9
  1953 | D:2      | Learned a level 3 spell: Frozen Ramparts
  1957 | D:2      | Learned a level 3 spell: Ozocubu's Armour
  2048 | D:3      | Reached skill level 2 in Dodging
  2102 | D:3      | Noticed Grinder
  2118 | D:3      | Paralysed by Grinder for 2 turns
  2235 | D:3      | Found a runed translucent gate.
  2235 | D:3      | Found a runed translucent gate.
  2235 | D:3      | Found a runed translucent gate.
  2247 | D:3      | Noticed Gibbon's ghost (amateur DrCj)
  2400 | D:3      | Paralysed by Grinder for 2 turns
  2413 | D:3      | Paralysed by Grinder for 2 turns
  2415 | D:3      | Killed Grinder
  2416 | D:3      | Reached skill level 3 in Dodging
  2416 | D:3      | Reached XP level 4. HP: 20/36 MP: 3/10
  2416 | D:3      | Reached XP level 5. HP: 23/41 MP: 3/11
  2602 | D:3      | Reached skill level 4 in Dodging
  3092 | D:4      | Found a runed translucent gate.
  3092 | D:4      | Found a runed translucent gate.
  3092 | D:4      | Found a runed translucent gate.
  3214 | D:4      | Noticed Natasha
  3223 | D:4      | Killed Natasha
  3224 | D:4      | Reached XP level 6. HP: 45/48 MP: 12/12
  3370 | D:4      | Found a staircase to the Ecumenical Temple.
  3375 | Temple   | Entered the Ecumenical Temple
  3393 | D:4      | Noticed ytrimaz's ghost (novice DjFE)
  3393 | D:4      | Noticed lotum's ghost (amateur OpTm)
  3394 | D:4      | Noticed ragingrage's ghost (amateur DgWn)
  3575 | D:4      | Noticed Robin
  3583 | D:4      | Noticed Natasha
  3585 | D:4      | Killed Robin
  3592 | D:4      | Killed Natasha
  4154 | D:5      | Entered Level 5 of the Dungeon
  4165 | D:5      | Reached XP level 7. HP: 48/55 MP: 6/13
  4182 | D:5      | Reached skill level 5 in Dodging
  4391 | D:4      | Noticed Natasha
  4412 | D:4      | Killed Natasha
  4800 | D:5      | Reached skill level 6 in Dodging
  4933 | D:5      | Reached skill level 5 in Ranged Weapons
  5280 | D:5      | Reached XP level 8. HP: 61/61 MP: 14/14
  5821 | D:6      | Reached skill level 7 in Dodging
  5870 | D:6      | Reached skill level 8 in Dodging
  6167 | D:6      | Reached XP level 9. HP: 67/67 MP: 16/16
  6379 | D:6      | Upgraded the game from 0.30-a0-534-gdc55766716 to
                  | 0.30-a0-540-g0af01429fa
  6690 | D:6      | Found Zypn's Assorted Antiques.
  6698 | D:6      | Bought a pair of boots for 90 gold pieces
  6744 | D:6      | Noticed a two-headed ogre
  6765 | D:6      | Killed a two-headed ogre
  6766 | D:6      | Reached skill level 9 in Dodging
  7444 | D:2      | Bought a scroll of fear for 44 gold pieces
  7444 | D:2      | Bought a scroll of teleportation for 33 gold pieces
  7444 | D:2      | Bought a scroll of identify for 22 gold pieces
  7628 | D:7      | Reached skill level 10 in Dodging
  8228 | D:7      | Noticed a komodo dragon
  8256 | D:7      | Killed a komodo dragon
  8768 | D:7      | Reached XP level 10. HP: 78/78 MP: 8/17
  9480 | D:5      | Identified the ring "Kifumno" {rF+ rC+ rCorr EV+4 Int-3}
  9586 | D:2      | Bought a scroll of identify for 22 gold pieces
  9587 | D:2      | Bought a scroll of identify for 22 gold pieces
  9792 | D:8      | Identified the ring "Empy" {Wiz *Slow Str+3}
  9796 | D:8      | Noticed a two-headed ogre
 10031 | D:8      | Killed a two-headed ogre
 10428 | D:8      | Noticed Joseph
 10444 | D:8      | Killed Joseph
 10445 | D:8      | Reached skill level 10 in Ranged Weapons
 10780 | D:8      | Found a staircase to the Lair.
 11026 | D:8      | Reached skill level 11 in Dodging
 11449 | D:2      | Bought a scroll of fog for 44 gold pieces
 11610 | Lair:1   | Entered Level 1 of the Lair of Beasts
 11733 | Lair:1   | Noticed a black mamba
 11758 | Lair:1   | Killed a black mamba
 11759 | Lair:1   | Reached XP level 11. HP: 28/84 MP: 2/18
 12074 | Lair:1   | Reached skill level 12 in Dodging
 13283 | D:6      | Bought a scroll of identify for 40 gold pieces
 13566 | Lair:2   | Reached skill level 5 in Ice Magic
 14048 | Lair:2   | Reached skill level 5 in Fighting
 15474 | Lair:3   | Found a gate leading to a gauntlet.
 15511 | Gauntlet | Entered a Gauntlet
 15511 | Gauntlet | Found a transporter.
 15511 | Gauntlet | Found a transporter.
 15557 | Gauntlet | Found a transporter.
 15559 | Gauntlet | Found a transporter.
 15559 | Gauntlet | Found a transporter.
 15600 | Gauntlet | Found a transporter.
 15603 | Gauntlet | Found a transporter.
 15603 | Gauntlet | Found a transporter.
 15606 | Gauntlet | Noticed a soul eater
 15607 | Gauntlet | Found a runed translucent door.
 15607 | Gauntlet | Noticed a green death
 15615 | Gauntlet | Found a runed translucent gate.
 15615 | Gauntlet | Found a runed translucent gate.
 15615 | Gauntlet | Found a runed translucent gate.
 15618 | Gauntlet | Found a transporter.
 15634 | Gauntlet | Found a transporter.
 15636 | Gauntlet | Found a runed translucent door.
 15658 | Gauntlet | Found a transporter.
 15662 | Gauntlet | Found a transporter.
 15709 | Gauntlet | Found a transporter.
 15710 | Gauntlet | Noticed a tengu warrior
 15727 | Gauntlet | Found a transporter.
 15767 | Gauntlet | a tengu warrior changed into a rime drake
 15975 | Gauntlet | Identified the ring "Faguvvuk" {rC+ Int+6 Dex+5 Slay-5
                  | Stlth+}
 16153 | Gauntlet | Noticed a minotaur
 16190 | Gauntlet | Killed a minotaur
 16631 | Lair:3   | Reached XP level 12. HP: 82/96 MP: 10/20
 16945 | Lair:3   | Found a staircase to the Shoals.
 17286 | Lair:3   | Reached skill level 13 in Dodging
 17740 | Lair:3   | Reached skill level 14 in Dodging
 17910 | Lair:3   | Noticed an eight-headed hydra
 17927 | Lair:3   | Killed an eight-headed hydra
 17928 | Lair:3   | Reached skill level 1 in Evocations
 18284 | Lair:3   | Found a staircase to the Snake Pit.
 18920 | Lair:3   | Reached skill level 5 in Evocations
 19464 | D:6      | Bought a scroll of magic mapping for 150 gold pieces
 19749 | D:9      | Reached skill level 1 in Shields
 19954 | D:9      | Noticed Psyche
 19960 | D:9      | Killed Psyche
 20056 | D:9      | Noticed Erica
 20063 | D:9      | Killed Erica
 20427 | D:9      | Noticed Grum
 20435 | D:9      | Reached XP level 13. HP: 102/102 MP: 15/21
 20437 | D:9      | Killed Grum
 20829 | D:10     | Entered Level 10 of the Dungeon
 21184 | D:10     | Noticed Josephine
 21198 | D:10     | Killed Josephine
 21637 | D:10     | Identified the +5 trident of Extremism {antimagic, rF+
                  | rCorr Dex+3}
 23261 | D:12     | Found a runed translucent door.
 23668 | D:12     | Found a staircase to the Orcish Mines.
 23751 | D:12     | Noticed Sonja
 23763 | D:12     | Killed Sonja
 24043 | D:12     | Noticed Fannar
 24055 | D:12     | Killed Fannar
 24133 | D:12     | Noticed Jorgrun
 24152 | D:12     | Killed Jorgrun
 26954 | Lair:4   | Noticed Nessos
 26964 | Lair:4   | Killed Nessos
 27069 | Lair:4   | Reached XP level 14. HP: 115/115 MP: 16/22
 27106 | Lair:4   | Found a staircase to the Slime Pits.
 28020 | Lair:5   | Entered Level 5 of the Lair of Beasts
 28140 | Lair:5   | Reached skill level 15 in Dodging
 28436 | Lair:5   | HP: 2/115 [black mamba (6)]
 28974 | Lair:5   | Reached skill level 16 in Dodging
 29153 | Lair:5   | Reached skill level 5 in Shields
 29638 | Lair:5   | Found a runed translucent door.
 29638 | Lair:5   | Noticed logorrheac's ghost (journeyman GrEE)
 30183 | Orc:1    | Entered Level 1 of the Orcish Mines
 30650 | Orc:2    | Entered Level 2 of the Orcish Mines
 31170 | Orc:2    | Found a staircase to the Elven Halls.
 31957 | Orc:2    | Reached skill level 10 in Fighting
 31973 | Orc:2    | Reached skill level 1 in Long Blades
 32172 | Orc:2    | Found Tuumati's Weapon Shop.
 32185 | Orc:2    | Found Mihih's Magic Scroll Shop.
 32327 | Orc:2    | Found Serrew's Armour Shoppe.
 32378 | Orc:2    | Found Vuhi Xiu's Weapon Boutique.
 32696 | Orc:2    | Bought the +0 pair of fencer's gloves {Riposte Dex+3} for
                  | 600 gold pieces
 32696 | Orc:2    | Found the +0 pair of fencer's gloves {Riposte Dex+3}
 32727 | Orc:2    | Bought a scroll of magic mapping for 112 gold pieces
 32941 | Snake:1  | Entered Level 1 of the Snake Pit
 33080 | Snake:1  | Found a transporter.
 33092 | Snake:1  | Noticed BadToken's ghost (journeyman MiBe)
 33117 | Snake:1  | Slain by a guardian serpent

Illustrated notes

Levels and vault maps discovered:
D:1:      roderic_chinese_lattice_arrival, layout_basic
D:2:      layout_basic, serial_shops, nicolae_shop_waterfront, basic_altar,
          serial_corexii_hall, corexii_hall_statues_deadend,
          chequers_hall_statues_y
D:3:      layout_loops_ring, mainiacjoe_overflow_paths,
          gammafunk_ghost_necromancy, minmay_splitting_lines,
          grunt_ministairs_9, uniq_grinder
D:4:      layout_cave_pods, minmay_temple_entry_proselytizer,
          gammafunk_ghost_cemetery, uniq_robin, uniq_natasha
D:5:      minmay_clustersquares, layout_basic, hangedman_abyss_or_decor_stagger,
          st_stairs_3, hex_medium, minmay_chambers_of_fives
D:6:      minmay_chambers_of_sixes, layout_loops_ring, lemuel_tele_altar,
          mainiacjoe_overflow_boulevard, serial_shops,
          nicolae_shop_temple_entry_statues_fountains
D:7:      layout_basic, kennysheep_orc_sif_temple
D:8:      layout_basic, lemuel_coloured_pillars_altar,
          mainiacjoe_overflow_brackets, lair_entry_dummy, uniq_joseph
D:9:      layout_roguey, uniq_grum, uniq_erica, uniq_psyche
D:10:     layout_long_grid, kennysheep_okawaru_gauntlet,
          overflow_temple_1_default, evilmike_ruin_ashenzari, worms_lemuel,
          uniq_josephine
D:11:     layout_big_octagon
D:12:     layout_roguey, orc_0_dummy, nicolae_danse_macabre, uniq_fannar,
          uniq_sonja, uniq_jorgrun
Temple:   nicolae_temple_bog_church
Lair:1:   layout_loops_ring, columned_hall_lemuel, kennysheep_rathole,
          grunt_megastairs_5
Lair:2:   layout_gridlike, special_room [special_room_bee], grunt_megastairs_2,
          lemuel_fruit_fields, lemuel_fruit_tree
Lair:3:   layout_chaotic_city, minmay_shoals_entry_centaurs,
          minmay_snake_entry_six_corridors, gauntlet_entry_generic
Lair:4:   beast_lair_carwin_large_1, layout_layer_cave, slime_entry_1,
          lemuel_fruit_fields, uniq_nessos
Lair:5:   grunt_lair_end_beastmaster, layout_gridlike, gammafunk_ghost_grave,
          lemuel_another_geyser
Snake:1:  layout_onion, gammafunk_ghost_arena, nicolae_snake_snake_lake
Orc:1:    layout_diamond_mine
Orc:2:    hellmonk_orc_salted, layout_caves, basic_altar, lemuel_statue_altar

Skill      XL: |  1  2  3  4  5  6  7  8  9 10 11 12 13 14 |
---------------+-------------------------------------------+-----
Ice Magic      | 4 5 6 |  6.0
Spellcasting   | 2 3 |  3.0
Fighting       | 1 2 4 6 8 10 | 10.0
Dodging        | 3 4 6 8 10 11 12 14 16 | 16.0
Stealth        | 2 3 4 |  4.0
Ranged Weapons | 2 4 5 7 8 10 12 14 | 14.0
Evocations     | 5 |  5.0
Shields        | 3 4 5 |  5.0
Long Blades    | 4 |  4.9

Action                   |  1- 3 |  4- 6 |  7- 9 | 10-12 | 13-15 || total
-------------------------+-------+-------+-------+-------+-------++-------
Melee: Scimitar          |       |       |       |       |    16 ||    16
       Demon blade       |       |       |       |       |    92 ||    92
 Fire: Sling             |    93 |    93 |    63 |   867 |  1108 ||  2224
       Shortbow          |       |       |   370 |    98 |       ||   468
 Cast: Freeze            |    37 |     1 |       |     1 |     6 ||    45
       Frozen Ramparts   |     5 |     7 |    42 |   130 |    82 ||   266
       Ozocubu's Armour  |     2 |     8 |    23 |    80 |   126 ||   239
Evoke: Lightning rod     |       |       |       |     4 |       ||     4
       Wand              |       |       |       |     3 |     2 ||     5
       Phantom mirror    |       |       |       |     1 |       ||     1
  Use: Scroll            |     1 |     4 |     3 |    13 |     8 ||    29
       Potion            |       |       |     2 |     7 |     8 ||    17
Armor: Robe              |    24 |    13 |    68 |     9 |    83 ||   197
       Leather armour    |       |       |       |    96 |     1 ||    97
       Skin              |       |       |       |       |     3 ||     3
Dodge: Dodged            |    36 |    31 |   238 |   940 |   703 ||  1948
Block: Other             |    13 |    13 |    67 |   205 |       ||   298
       Reflection        |       |       |     3 |     9 |    26 ||    38
       Buckler           |       |       |       |    17 |   529 ||   546
       Rpst.: Demon blade |       |       |       |       |     9 ||     9

Table legend: (Time is in decaauts)
 A = Elapsed time spent in this place.
 B = Non-inter-level travel time spent in this place.
 C = Inter-level travel time spent in this place.
 D = Time resting spent in this place.
 E = Time spent auto-exploring this place.
 F = Levels seen in this place.
 G = Mean time per level.
                   A        B        C        D        E       F      G
               +--------+--------+--------+--------+--------+-----+--------+
         Total |  32814 |  28130 |   4684 |  10050 |  10373 |  22 | 1491.5 |
       Dungeon |  18370 |  14864 |   3506 |   4438 |   6894 |  12 | 1530.8 |
        Temple |     20 |     19 |      1 |      0 |      0 |   1 |   20.0 |
          Lair |  11132 |  10216 |    916 |   4300 |   3075 |   5 | 2226.4 |
     Snake Pit |    110 |    110 |      0 |     12 |      0 |   1 |  110.0 |
  Orcish Mines |   2327 |   2067 |    260 |    770 |    404 |   2 | 1163.5 |
      Gauntlet |    854 |    854 |      0 |    528 |      0 |   1 |  854.0 |
               +--------+--------+--------+--------+--------+-----+--------+

Top non-repeatable levels by time:
  Lair:3: 3495 daAuts
     D:8: 2416 daAuts
  Lair:2: 2079 daAuts
     D:7: 2024 daAuts
  Lair:1: 1950 daAuts
  Lair:4: 1839 daAuts
     D:6: 1792 daAuts
  Lair:5: 1768 daAuts
     D:2: 1706 daAuts
    D:12: 1653 daAuts
     D:4: 1569 daAuts
     D:5: 1418 daAuts
    D:11: 1388 daAuts
    D:10: 1322 daAuts
     D:9: 1241 daAuts
